 Dungeon Crawl Stone Soup version 0.19-a0-1170-g18f0c96 (webtiles) character file.

218 Deemzul the Skirmisher (level 5, -4/42 HPs)
             Began as a Demonspawn Berserker on Aug 16, 2016.
             Was a Priest of Trog.
             Slain by a worker ant (7 damage)
             ... on level 4 of the Dungeon.
             The game lasted 00:04:58 (3542 turns).

Deemzul the Skirmisher (Demonspawn Berserker)       Turns: 3542, Time: 00:05:00

Health: -4/42      AC:  3    Str: 17    XL:     5   Next: 63%
Magic:  5/5        EV: 13    Int:  5    God:    Trog [***...]
Gold:   178        SH:  0    Dex: 14    Spells: 0 memorised, 4 levels left

rFire  + . .     SeeInvis .     a - +0 falchion
rCold  . . .     Gourm    .     b - +0 animal skin
rNeg   . . .     Faith    .     (no shield)
rPois  .         Spirit   .     (helmet restricted)
rElec  .         Dismiss  .     m - +0 cloak
rCorr  .         Reflect  .     (no gloves)
MR     .....     Harm     .     (no boots)
Stlth  +.........               (no amulet)
                                (no ring)
                                d - -3 ring of intelligence (curse)

@: lethally poisoned (-4 -> -9)
A: antennae 2, fire resistance 1, flame cloud immunity
a: Berserk, Trog's Hand, Burn Spellbooks, Renounce Religion


You were on level 4 of the Dungeon.
You worshipped Trog.
Trog was most pleased with you.
You were not hungry.

You visited 1 branch of the dungeon, and saw 4 of its levels.

You collected 178 gold pieces.

Inventory:

Hand Weapons
 a - a +0 falchion (weapon)
Armour
 b - a +0 animal skin (worn)
 m - a +0 cloak (worn)
Jewellery
 d - a cursed -3 ring of intelligence (left hand)
 i - an uncursed ring of resist corrosion {unknown}
Scrolls
 e - 4 scrolls of identify {unknown}
 f - 2 scrolls of enchant armour {unknown}
 j - a scroll of noise {unknown}
 n - 2 scrolls of fog {unknown}
 o - a scroll of enchant weapon {unknown}
Potions
 h - a potion of curing
 k - a potion of haste {unknown}
 l - a potion of resistance {unknown}
 p - a potion of lignification {unknown}
Comestibles
 c - 2 bread rations
 g - a meat ration
 q - a chunk of flesh


   Skills:
 + Level 4.2 Fighting
 * Level 3.9 Long Blades
 + Level 2.6 Armour
 + Level 3.0 Dodging


You had 4 spell levels left.
You didn't know any spells.

Dungeon Overview and Level Annotations

Branches:
Dungeon (4/15)
 Temple: D:4-7

Altars:
Ashenzari

Shops:
D:4 [

Annotations:
D:3 Sigmund


Innate Abilities, Weirdness & Mutations

You have a pair of antennae on your head.
Your flesh is heat resistant. (rF+)
You are immune to clouds of flame.


Message History

The worker ant bites you.
* * * LOW HITPOINT WARNING * * *
You are more poisoned.
The worker ant poisons you!
The worker ant bites you but does no damage.
You hit the worker ant.
The worker ant is severely wounded.
* * * LOW HITPOINT WARNING * * *
You feel sick.
The worker ant bites you but does no damage.
Unknown command.
It was a potion of curing.
You feel better. The worker ant bites you.
* * * LOW HITPOINT WARNING * * *
You hit the worker ant but do no damage.
The worker ant is severely wounded.
The worker ant bites you.
* * * LOW HITPOINT WARNING * * *
You are lethally poisoned!
The worker ant poisons you! The worker ant bites you!
You die...

##.## ###.# .######.#
#.... ........# #.#.#.#
#######'## #.#.#.#
##...## #.#.#.#
##÷....## #.#.#.#
##.......### ##.#.#.#
###..........###..†.#.#
..'............a@...#.#
###...###.###.........#
##..# #.# #..##.#.###
##.###'###..####.#
#...'_###.#####.#
#.###'###.##....# #.#
#.# #.##.####
###.###.###.##.#
#...........##.#


You could see a worker ant.

Vanquished Creatures
  A howler monkey (D:4)
  Crazy Yiuf (D:2)
  6 adders
  An ooze (D:3)
  3 worms
  5 giant geckos
  An orc (D:3)
  A ball python (D:2)
  5 bats
  A giant cockroach (D:1)
  7 hobgoblins
  17 jackals
  5 kobolds
  A quokka (D:3)
  A giant newt (D:2)
  9 goblins
  9 rats
74 creatures vanquished.

Notes
Turn   | Place    | Note
-------+----------+-------------------------------------------
     0 | D:1      | Deemzul the Demonspawn Berserker began the quest for the Orb.
     0 | D:1      | Reached XP level 1. HP: 18/18 MP: 1/1
   286 | D:1      | Gained mutation: You have a pair of small antennae on your head. [demonic ancestry]
   286 | D:1      | Reached XP level 2. HP: 23/24 MP: 2/2
   424 | D:1      | Reached ** piety under Trog
   476 | D:1      | Gained mutation: You have a pair of antennae on your head. [demonic ancestry]
   476 | D:1      | Reached XP level 3. HP: 15/29 MP: 3/3
  1240 | D:2      | Gained mutation: Your flesh is heat resistant. (rF+) [demonic ancestry]
  1240 | D:2      | Reached XP level 4. HP: 31/35 MP: 4/4
  1476 | D:2      | HP: 1/35 [worm (8)]
  2117 | D:2      | Found a runed door.
  2121 | D:2      | Noticed Crazy Yiuf
  2126 | D:2      | Killed Crazy Yiuf
  2711 | D:3      | Gained mutation: You are immune to clouds of flame. [demonic ancestry]
  2711 | D:3      | Reached XP level 5. HP: 28/42 MP: 5/5
  2731 | D:3      | Noticed Sigmund
  2775 | D:3      | Reached skill level 4 in Fighting
  2784 | D:3      | Reached *** piety under Trog
  3183 | D:4      | Found Kalokint's Armour Shoppe.
  3467 | D:4      | Found a shattered altar of Ashenzari.
  3542 | D:4      | Slain by a worker ant

Vault maps used:
D:1:      dpeg_arrival_windows_large_door, hex_medium
D:2:      uniq_crazy_yiuf_cottage
D:3:      st_stairs_6, uniq_sigmund
D:4:      grunt_temple_overflow_cloverleaf, lemuel_doored_altar, serial_shops,
          shop, shop_statue, nicolae_shop_statue_plus

Skill      XL: |  1  2  3  4  5 |
---------------+----------------+-----
Armour         | 2 |  2.6
Dodging        | 2 3 |  3.0
Long Blades    | 3 |  3.9
Fighting       | 4 |  4.2

Action                   |  1- 3 |  4- 6 || total
-------------------------+-------+-------++-------
Melee: Falchion          |   162 |   222 ||   384
  Use: Potion            |       |     1 ||     1
 Stab: Sleeping          |     1 |     2 ||     3
  Eat: Chunk             |     1 |     8 ||     9
Armor: Animal skin       |    18 |    33 ||    51
Dodge: Dodged            |    87 |   136 ||   223
